 Dungeon Crawl Stone Soup version 0.20.1-1-g8b1a95d (webtiles) character file.

11938 dohliylev the Covert (level 11, -9/87 (89) HPs)
             Began as a Vampire Assassin on Dec 2, 2017.
             Was an Elder of Dithmenos.
             Mangled by an eight-headed hydra (12 damage)
             ... on level 2 of the Lair of Beasts on Dec 3, 2017.
             The game lasted 01:17:26 (13721 turns).

dohliylev the Covert (Vampire Assassin)            Turns: 13721, Time: 01:17:27

HP:   -9/87 (89)    AC:  9    Str: 10    XL:     11   Next: 55%
MP:   26/26         EV: 15    Int: 15    God:    Dithmenos [****..]
Gold: 483           SH: 14    Dex: 18    Spells: 15/18 levels left

rFire    + + .     SeeInvis +   a - +1 dagger (venom)
rCold    + . .     Gourm    .   i - +2 large shield {AC+3}
rNeg     . . .     Faith    .   c - +1 leather armour of Repulsion {rElec rF+ Str-3 Stlth+}
rPois    .         Spirit   .   E - +0 helmet
rElec    +         Reflect  .   h - scarf {rC+ rF+}
rCorr    .         Harm     .   J - +0 pair of gloves
MR       +....                  (no boots)
Stlth    +++++++++.             O - amulet of rage
Regen    0.5/turn               q - +3 ring of strength
MPRegen  0.2/turn               F - ring of magical power

@: about to teleport, regenerating quickly, wreathed by umbra
A: fangs 3, see invisible, unbreathing
a: Shadow Step, Renounce Religion, Evoke Berserk Rage


You were on level 2 of the Lair of Beasts.
You worshipped Dithmenos.
Dithmenos was greatly pleased with you.
You were very full.

You visited 3 branches of the dungeon, and saw 13 of its levels.
You also visited: Ossuary.

You collected 638 gold pieces.
You spent 155 gold pieces at shops.

Inventory:

Hand Weapons
 a - a +1 dagger of venom (weapon)
 b - a +0 blowgun
 L - a +3 dagger of freezing
Missiles
 e - 75 poisoned needles
 f - 2 curare-tipped needles
Armour
 c - the +1 leather armour of Repulsion (worn) {rElec rF+ Str-3 Stlth+}
   (You found it on level 4 of the Dungeon)

   It affects your strength (-3).
   It protects you from fire.
   It insulates you from electricity.
   It makes you more stealthy.
 h - a scarf of resistance (worn)
 i - a +2 large shield of protection (worn)
 E - a +0 helmet (worn)
 J - a +0 pair of gloves (worn)
Jewellery
 q - a +3 ring of strength (left hand)
 r - an uncursed ring of fire
 y - an uncursed amulet of guardian spirit
 B - an uncursed amulet of magic regeneration
 F - a ring of magical power (right hand)
 O - an amulet of rage (around neck)
Wands
 g - a wand of digging (9/24)
Scrolls
 j - 2 scrolls of teleportation
 k - 5 scrolls of remove curse
 p - 2 scrolls of fear {unknown}
 t - 5 scrolls of enchant armour
 x - a scroll of enchant weapon
 C - 2 scrolls of magic mapping
 H - a scroll of amnesia
 I - a scroll of fog
 K - a scroll of brand weapon
Potions
 d - 2 potions of cancellation {unknown}
 l - 6 potions of curing
 m - 6 potions of brilliance
 n - 4 potions of heal wounds
 o - a potion of haste
 s - 2 potions of invisibility
 v - 5 potions of might
 w - 5 potions of mutation
 z - 2 potions of resistance
 A - 2 potions of ambrosia {unknown}
 G - 2 potions of magic {unknown}
 N - a potion of agility {unknown}
Books
 M - a Young Poisoner's Handbook

   Spells                             Type                      Level
   a - Sting                          Conjuration/Poison           1
   b - Poisonous Vapours              Poison/Air                   2
   c - Mephitic Cloud                 Conjuration/Poison/Air       3
   d - Olgreb's Toxic Radiance        Poison                       4
   e - Venom Bolt                     Conjuration/Poison           5


   Skills:
 - Level 9.0 Fighting
 - Level 9.0 Short Blades
 - Level 1.5 Throwing
 + Level 10.8 Dodging
 + Level 11.5 Stealth
 + Level 3.0 Shields
 + Level 4.0 Spellcasting
 + Level 3.5 Poison Magic


You had 15 spell levels left.
You knew the following spells:

 Your Spells              Type           Power        Failure   Level  Hunger
a - Mephitic Cloud        Conj/Pois/Air  #.......     100%        3    ###....


Dungeon Overview and Level Annotations

Branches:
Dungeon (10/15)            Temple (1/1) D:4            Lair (2/6) D:10
    Orc (0/2) D:9
  Swamp: Lair:2-4    Shoals: Lair:2-4     Snake: Lair:2-4    Spider: Lair:2-4

Altars:
Ashenzari
Cheibriados
Dithmenos
Elyvilon
Fedhas
Gozag
Hepliaklqana
Kikubaaqudgha
Makhleb
Nemelex Xobeh
Okawaru
Qazlal
Ru
Sif Muna
Trog
Uskayaw
Vehumet
Xom
Yredelemnul
Zin
The Shining One

Shops:
D:9 *


Innate Abilities, Weirdness & Mutations

Your natural rate of healing is unusually fast.
You have razor-sharp teeth.
You have supernaturally acute eyesight. (SInv)
You can survive without breathing.


Message History

The eight-headed hydra bites you!
* * * LOW HITPOINT WARNING * * *
The eight-headed hydra misses you.
You block the eight-headed hydra's attack.
The eight-headed hydra bites you but does no damage.
You barely miss the yak.
The yak is lightly wounded.
Your shadow hits the yak with a dagger.
The yak gores something!
You hit the yak but do no damage.
The yak looks as sick as possible!
The yak is moderately wounded.
Your shadow hits the yak but does no damage.
The yak barely misses you.
The eight-headed hydra closely misses you.
You block the eight-headed hydra's attack.
The eight-headed hydra bites you!
* * * LOW HITPOINT WARNING * * *
The eight-headed hydra closely misses you.
You block the eight-headed hydra's attack. x3
The eight-headed hydra bites you!
You die...

#.##............###
) ##.######..P.#
#..# ##.#.# . ##.##
###.# . #..## #.# .
#P..# #.# .#####.##
#.# .......P# #D#
.......## #@#
...รท...### #Y#
..<........


YY# ............ .... ............ ....# ####..#####.####.# #### ### You could
see an eight-headed hydra and 3 yaks.

Vanquished Creatures
  2 two-headed ogres
  Urug (Lair:2)
  Joseph (D:7)
  A spiny frog (Lair:1)
  A komodo dragon (Lair:2)
  5 hippogriffs
  Prince Ribbit (D:7)
  3 blink frogs (Lair:2)
  A spriggan (D:7)
  7 yaks
  A wyvern (D:9)
  Eustachio (D:4)
  3 basilisks
  The ghost of Alarion00 the Skirmisher, an amateur HuFi (D:4)
  Grum (D:9)
  2 hungry ghosts (D:7)
  3 porcupines
  A hornet zombie (D:7)
  3 sky beasts
  4 orc warriors
  3 ice beasts
  2 ogres
  2 necrophages (D:7)
  A phantom (D:7)
  The ghost of IrkenScum the Poker, an amateur MfGl (D:3)
  2 wolves (D:9)
  4 centaurs
  3 big kobolds
  2 crocodiles
  7 bullfrogs
  An elf skeleton (D:8)
  8 wights
  2 vampire bats (D:3)
  3 howler monkeys
  2 crimson imps (D:9)
  2 centaur zombies
  4 hounds
  A quasit (D:7)
  4 jellies
  11 orc priests
  A human skeleton (D:8)
  A bullfrog skeleton (D:6)
  2 iguanas (D:7)
  Natasha (thrice) (D:2)
  5 orc wizards
  3 worker ants
  A hound zombie (D:5)
  A hound skeleton (D:9)
  13 mummies (Ossuary)
  2 howler monkey zombies
  Robin (D:4)
  4 gnolls (D:3)
  12 adders
  3 shadow imps
  2 oozes
  2 adder skeletons
  3 dart slugs
  8 leopard geckos
  41 orcs
  7 bats
  4 bat skeletons (D:3)
  A bat zombie (D:3)
  4 giant cockroaches
  14 goblins
  6 hobgoblins
  7 jackals
  6 quokkas
  4 ball pythons
  6 frilled lizards
  2 gnoll skeletons (Ossuary)
  A goblin skeleton (Ossuary)
  A jackal skeleton (D:4)
  18 kobolds
  2 kobold skeletons (Ossuary)
  A leopard gecko skeleton (D:8)
  5 orc skeletons
  2 orc zombies (D:8)
  A quokka zombie (D:6)
  7 rats
  11 rat skeletons (Ossuary)
326 creatures vanquished.

Vanquished Creatures (others)
  A fungus (D:10)
1 creature vanquished.

Grand Total: 327 creatures vanquished

Notes
Turn   | Place    | Note
-------+----------+-------------------------------------------
     0 | D:1      | dohliylev the Vampire Assassin began the quest for the Orb.
     0 | D:1      | Reached XP level 1. HP: 16/16 MP: 1/1
    10 | D:1      | Reached skill level 6 in Stealth
    87 | D:1      | Reached XP level 2. HP: 22/22 MP: 2/2
   196 | D:1      | Reached skill level 7 in Stealth
   358 | D:1      | Reached XP level 3. HP: 16/27 MP: 3/3
   568 | D:1      | Found a shattered altar of Ashenzari.
   626 | D:2      | Noticed Natasha
   629 | D:2      | Killed Natasha
   629 | D:2      | Reached skill level 1 in Shields
   698 | D:2      | Noticed Natasha
   705 | D:2      | Killed Natasha
   705 | D:2      | Reached skill level 8 in Stealth
   705 | D:2      | Reached XP level 4. HP: 28/33 MP: 4/4
   785 | D:2      | Noticed Natasha
   792 | D:2      | Killed Natasha
   792 | D:2      | Reached skill level 9 in Stealth
  1120 | D:3      | Reached XP level 5. HP: 30/38 MP: 5/5
  1187 | D:3      | Found an ancient bone altar of Kikubaaqudgha.
  1211 | D:3      | Reached skill level 10 in Stealth
  1324 | D:3      | Found a bloodstained altar of Trog.
  1407 | D:3      | Noticed IrkenScum's ghost (amateur MfGl)
  1407 | D:3      | Found an iron altar of Okawaru.
  1437 | D:3      | Reached XP level 6. HP: 44/44 MP: 6/6
  1580 | D:3      | Found a snail-covered altar of Cheibriados.
  2139 | D:4      | Noticed Eustachio
  2146 | D:4      | Killed Eustachio
  2158 | D:4      | Found a sacrificial altar of Ru.
  2394 | D:4      | Noticed Alarion00's ghost (amateur HuFi)
  2469 | D:5      | Entered Level 5 of the Dungeon
  2708 | D:5      | Reached XP level 7. HP: 49/49 MP: 7/7
  3221 | D:4      | Noticed Robin
  3344 | D:4      | Killed Robin
  3505 | D:4      | Got a smoking leather armour
  3531 | D:4      | Found a staircase to the Ecumenical Temple.
  3550 | Temple   | Entered the Ecumenical Temple
  3558 | Temple   | Became a worshipper of Dithmenos the Shadowed
  4208 | D:3      | Killed IrkenScum's ghost
  4208 | D:3      | Reached skill level 5 in Dodging
  4682 | D:4      | Killed Alarion00's ghost
  4682 | D:4      | Reached skill level 5 in Short Blades
  4682 | D:4      | Reached XP level 8. HP: 53/55 MP: 8/8
  5201 | D:6      | Found a white marble altar of Elyvilon.
  5337 | D:6      | Found a shattered altar of Ashenzari.
  5583 | D:7      | Reached * piety under Dithmenos
  5737 | D:7      | Noticed Joseph
  5901 | D:7      | Killed Joseph
  5901 | D:7      | Reached XP level 9. HP: 58/61 MP: 9/9
  6231 | D:7      | Found a basalt altar of Yredelemnul.
  6261 | D:7      | Noticed Prince Ribbit
  6445 | D:8      | Found a sand-covered staircase.
  6467 | Ossuary  | Entered an ossuary
  6475 | Ossuary  | Reached ** piety under Dithmenos
  7028 | D:7      | You fall through a shaft for 2 floors!
  7240 | D:9      | Reached skill level 5 in Fighting
  7320 | D:9      | Reached *** piety under Dithmenos
  7395 | D:9      | Noticed Grum
  7448 | D:9      | Killed Grum
  7649 | D:9      | Found Sostayqu's Assorted Antiques.
  7649 | D:9      | Found a burning altar of Makhleb.
  7654 | D:9      | Bought a dented brass amulet for 155 gold pieces
  7685 | D:9      | Learned a level 3 spell: Mephitic Cloud
  7720 | D:9      | Reached XP level 10. HP: 75/75 MP: 10/10
  8320 | D:8      | Noticed a dagger
  8321 | D:8      | Found a hide-covered altar of Uskayaw.
  8321 | D:8      | Noticed a dagger
  8593 | D:8      | Reached **** piety under Dithmenos
  8771 | D:7      | Found a blossoming altar of Fedhas.
  8880 | D:7      | Killed Prince Ribbit
  8915 | D:7      | Found a white marble altar of Elyvilon.
  9820 | D:8      | Reached skill level 1 in Spellcasting
  9879 | D:8      | Noticed a two-headed ogre
  9908 | D:8      | Killed a two-headed ogre
  9908 | D:8      | Reached skill level 1 in Poison Magic
 10495 | D:9      | Found a staircase to the Orcish Mines.
 10759 | D:10     | Entered Level 10 of the Dungeon
 10794 | D:10     | Identified the +1 leather armour of Repulsion {rElec rF+ Str-3 Stlth+} (You found it on level 4 of the Dungeon)
 10945 | D:10     | Found a staircase to the Lair.
 11011 | D:10     | Reached XP level 11. HP: 20/87 MP: 15/15
 11045 | D:9      | Noticed a two-headed ogre
 11225 | D:9      | Killed a two-headed ogre
 11882 | Lair:1   | Entered Level 1 of the Lair of Beasts
 12465 | Lair:1   | Reached skill level 10 in Dodging
 12852 | Lair:2   | Noticed Urug
 12894 | Lair:2   | Killed Urug
 12894 | Lair:2   | Reached skill level 11 in Stealth
 13577 | Lair:2   | Noticed an eight-headed hydra
 13721 | Lair:2   | HP: 3/87 [eight-headed hydra (14)]
 13721 | Lair:2   | Mangled by an eight-headed hydra

Skill      XL: |  1  2  3  4  5  6  7  8  9 10 11 |
---------------+----------------------------------+-----
Stealth        | 6 7 8 9 10 11 | 11.5
Shields        | 1 2 3 |  3.0
Dodging        | 3 6 8 9 10 | 10.8
Short Blades   | 3 5 7 9 |  9.0
Fighting       | 6 9 |  9.0
Spellcasting   | 3 4 |  4.0
Poison Magic   | 2 3 |  3.5
Throwing       | |  1.5

Action                   |  1- 3 |  4- 6 |  7- 9 | 10-12 || total
-------------------------+-------+-------+-------+-------++-------
Melee: Dagger            |    87 |   185 |   865 |   837 ||  1974
       Bite              |     6 |    13 |   102 |   107 ||   228
       Unarmed           |       |       |    13 |       ||    13
 Fire: Blowgun           |       |       |    31 |    22 ||    53
  Use: Scroll            |       |     1 |    15 |     5 ||    21
       Potion            |       |       |     9 |     5 ||    14
 Stab: Sleeping          |     5 |    12 |    35 |    14 ||    66
       Distracted        |       |     2 |     1 |     1 ||     4
       Invisible         |       |       |     2 |       ||     2
  Eat: Corpse            |     7 |    10 |    19 |    21 ||    57
Armor: Robe              |    34 |    51 |    18 |       ||   103
       Animal skin       |       |       |    82 |    36 ||   118
       Skin              |       |       |     3 |       ||     3
       Leather armour    |       |       |       |    45 ||    45
Dodge: Dodged            |    29 |    31 |   232 |   251 ||   543
Block: Large shield      |    63 |   124 |   438 |   382 ||  1007
